 Dungeon Sprint DCSS version 0.30-a0-1043-g60ff8d5f49 (webtiles) character file.

Game seed: 863770437936325166

641 fozzywoppz the Fighter (level 7, -3/63 HPs)
             Began as a Demonspawn Fighter on Apr 10, 2023.
             Was an Initiate of Qazlal.
             Slain by a deep elf knight
             ... wielding a +0 scimitar
              (12 damage)
             ... in the Dungeon (Sprint V: "Ziggurat Sprint").
             The game lasted 00:03:20 (290 turns).

fozzywoppz the Fighter (Demonspawn Fighter)          Turns: 290, Time: 00:03:20

Health: -3/63      AC: 23    Str: 25    XL:     7   Next: 26%
Magic:  7/7        EV:  1    Int:  9    God:    Qazlal [......]
Gold:   0          SH: 19    Dex: 18    Spells: 6/6 levels left

rFire   + . .      SeeInvis .      - Unarmed
rCold   + . .      Faith    .    C - +3 tower shield
rNeg    . . .      Spirit   .    D - +5 gold dragon scales
rPois   +          Reflect  .    (no helmet)
rElec   .          Rampage  .    (no cloak)
rCorr   .          NoTele   +    (no gloves)
Will    .....                    (no boots) Stlth
                                 (no amulet)
HPRegen 0.30/turn                s - +6 ring of dexterity
MPRegen 0.10/turn                w - +6 ring of strength

@: mighty, hasted, very quick
A: hooves 2, icy blue scales 1, demonic magic 1
a: Renounce Religion


You were in the Dungeon.
You worshipped Qazlal.
Qazlal was noncommittal.
You visited 1 branch

Inventory:

Hand Weapons
 E - the +6 shillelagh "Devastator" {shatter}
   (You found it in the Dungeon)
Armour
 m - a +5 crystal plate armour
 C - a +3 tower shield (worn)
 D - +5 gold dragon scales (worn)
Jewellery
 s - a +6 ring of dexterity (left hand)
 t - a +6 ring of dexterity
 w - a +6 ring of strength (right hand)
 x - a +6 ring of strength
Wands
 y - a wand of mindburst (7)
 z - a wand of iceblast (6)
 A - a wand of quicksilver (6)
Scrolls
 i - 4 scrolls of blinking
 n - 4 scrolls of amnesia
 o - 7 scrolls of fog
 p - 5 scrolls of identify
 q - 2 scrolls of fear
Potions
 c - 4 potions of might
 d - 10 potions of curing
 e - 8 potions of heal wounds
 f - 4 potions of haste
 g - 7 potions of magic
 h - 3 potions of berserk rage
 j - 2 potions of brilliance
 k - 2 potions of invisibility
 l - 4 potions of resistance
Miscellaneous
 B - a lightning rod (4/4)
 F - a box of beasts


   Skills:
 + Level 8.7 Fighting
 + Level 7.9 Armour
 + Level 7.9 Shields
 + Level 7.6 Unarmed Combat


You had 6 spell levels left.
You didn't know any spells.
Your spell library contained the following spells:

 Spells                   Type           Power      Damage    Failure   Level
 Inner Flame              Hex/Fire       0%         N/A       100%        3
 Flame Wave               Conj/Fire      0%         2d4       100%        4
 Sticky Flame             Conj/Fire      0%         2d3       100%        4


Dungeon Overview and Level Annotations

Branches:
Dungeon (1/1)

Altars:
Ashenzari
Cheibriados
Dithmenos
Fedhas
Gozag
Hepliaklqana
Kikubaaqudgha
Makhleb
Nemelex Xobeh
Okawaru
Qazlal
Ru
Sif Muna
Trog
Uskayaw
Vehumet
Wu Jian
Xom
Yredelemnul
Jiyva
Lugonu

Annotations:
D 1 transporter


Innate Abilities, Weirdness & Mutations

You have hoof-like feet.
You are partially covered in icy blue scales. (AC +2)
Spells you cast may paralyse adjacent enemies.


Message History

You feel much better.
The deep elf zephyrmancer hits you but does no damage.
You block the deep elf knight's attack.
The deep elf pyromancer hits you with a +0 long sword.
You punch the deep elf knight! Your kick misses the deep elf knight.
The deep elf knight is moderately wounded.
The deep elf zephyrmancer points at you and mumbles some strange words.
The bolt of lightning hits you!!
The deep elf knight gestures wildly while chanting.
The deep elf knight seems to speed up.
You block the deep elf pyromancer's attack.
You hit the deep elf knight. Your kick misses the deep elf knight.
The deep elf knight is moderately wounded.
The deep elf knight casts a spell at you.
You block the lance of force.
You punch the deep elf knight!
The deep elf knight is heavily wounded.
You block the deep elf zephyrmancer's attack.
The deep elf pyromancer gestures wildly while chanting.
The deep elf pyromancer blinks!
The deep elf knight gestures wildly while chanting.
The deep elf knight flickers and vanishes!
Deactivating autopickup; reactivate with Ctrl-A.
You miss something. Your kick misses something.
You hear some strange, mumbled words.
A shard of ice appears from out of thin air!
You block the shard of ice.
The deep elf zephyrmancer casts a spell.
The deep elf zephyrmancer blinks!
The deep elf pyromancer casts a spell.
The deep elf pyromancer blinks!
You barely miss something. Your kick misses something. Something hits you.
The deep elf pyromancer hits you but does no damage.
You closely miss something. Your kick misses something. Something hits you!
Unknown command.
You miss something. Your kick misses something. Something hits you!
* * * LOW HITPOINT WARNING * * *
You block the deep elf pyromancer's attack.
Something hits you!
You die...

▓▓▓▓▓▓▓▓▓▓▓▓▓
▓.8©8.▓.8©8.▓
▓.:):.▓..=..▓
▓...e.▓.....▓
▓.....▓.....▓
▓.....▓.....▓
▓..{e.▓..©..▓
▓..@..▓▓▓▓▓▓▓
▓▓▓▓▓▓▓


You could see a deep elf pyromancer and a deep elf zephyrmancer.

Vanquished Creatures
  A lindwurm (D)
  A slime creature (D)
2 creatures vanquished.

Notes
Turn   | Place    | Note
-------+----------+-------------------------------------------
     0 | D        | fozzywoppz the Demonspawn Fighter began the quest for the
                  | Orb.
     0 | D        | Reached XP level 1. HP: 18/18 MP: 1/1
     0 | D        | Found a shimmering blue altar of Sif Muna.
     0 | D        | Found a sacrificial altar of Ru.
     0 | D        | Found a bloodstained altar of Trog.
     0 | D        | Found a stormy altar of Qazlal.
     0 | D        | Found an iron altar of Okawaru.
     0 | D        | Found a sparkling altar of Nemelex Xobeh.
     0 | D        | Found a blossoming altar of Fedhas.
     0 | D        | Found the +6 Majin-Bo {spellvamp, MP+6 Int+6}
     0 | D        | Found the +27 heavy crossbow "Sniper" {heavy, Acc+∞ SInv}
     0 | D        | Found the +10 dark maul {heavy}
     0 | D        | Found the +15 Maxwell's patent armour {-Cast -Tele rElec
                  | Will+ rCorr}
     0 | D        | Found the +18 shield of the Gong {Loud rN+ Will+ rCorr
                  | EV-5}
     0 | D        | Found the +16 obsidian axe {drain, demonic, Mesm Drain Fly
                  | SInv}
     0 | D        | Found the +7 great mace "Firestarter" {flame, inner flame,
                  | rFlCloud rF++}
     0 | D        | Found the +6 shillelagh "Devastator" {shatter}
     0 | D        | Found the +11 plutonium sword {Contam Stlth-}
     0 | D        | Found the +8 lance "Wyrmbane" {slay drac, rPois rF+ rC+
                  | AC+3}
     0 | D        | Found the +9 sword of Zonguldrok {reap}
     0 | D        | Found the +13 scythe of Curses {drain, curses, Drain}
     0 | D        | Found the +9 sword of Power {lifebolt}
     0 | D        | Found the +7 mace of Variability {chaos, chain chaos}
     0 | D        | Found the +11 Singing Sword {sonic wave}
     0 | D        | Found the +8 storm bow {elec, penet}
     2 | D        | Found a transporter.
     2 | D        | Found an ancient bone altar of Kikubaaqudgha.
     2 | D        | Found a viscous altar of Jiyva.
     2 | D        | Found a corrupted altar of Lugonu.
     2 | D        | Found a hazy altar of Hepliaklqana.
     2 | D        | Found a burning altar of Makhleb.
     2 | D        | Found an opulent altar of Gozag.
    42 | D        | Reached skill level 4 in Fighting
    42 | D        | Gained mutation: You have large cloven feet. [demonic
                  | ancestry]
    42 | D        | Reached XP level 2. HP: 26/26 MP: 2/2
   121 | D        | Became a worshipper of Qazlal Stormbringer
   129 | D        | Entered arena 2.
   129 | D        | Noticed a lindwurm
   129 | D        | Noticed a slime creature
   129 | D        | Found a transporter.
   135 | D        | Killed a slime creature
   136 | D        | Reached skill level 6 in Fighting
   136 | D        | Reached skill level 5 in Unarmed Combat
   136 | D        | Gained mutation: Spells you cast may paralyse adjacent
                  | enemies. [demonic ancestry]
   136 | D        | Reached XP level 3. HP: 16/35 MP: 3/3
   136 | D        | Gained mutation: You are partially covered in icy blue
                  | scales. (AC +2) [demonic ancestry]
   136 | D        | Reached XP level 4. HP: 18/41 MP: 4/4
   136 | D        | Reached XP level 5. HP: 21/47 MP: 5/5
   139 | D        | HP: 2/47 [lindwurm/blast of flame (13)]
   144 | D        | Killed a lindwurm
   145 | D        | Reached skill level 8 in Fighting
   145 | D        | Gained mutation: You have hoof-like feet. [demonic
                  | ancestry]
   145 | D        | Reached XP level 6. HP: 24/57 MP: 6/6
   145 | D        | Reached XP level 7. HP: 27/63 MP: 7/7
   278 | D        | Entered arena 3.
   278 | D        | Noticed a deep elf pyromancer
   278 | D        | Noticed a deep elf knight
   278 | D        | Noticed a deep elf zephyrmancer
   278 | D        | Found a transporter.
   290 | D        | Slain by a deep elf knight

Illustrated notes

Levels and vault maps discovered:
D:        sprint_v [room_start, room_1, room_2, room_3, room_4, room_5, room_6,
          room_7, room_8, room_9, room_10, room_11, room_12, room_13, room_14,
          room_15, room_16, room_17, room_18, room_19, room_20, room_21,
          room_22, room_23, room_24, room_25, room_26, room_27]

Skill      XL: |  1  2  3  4  5 |
---------------+----------------+-----
Fighting       | 4 6 8 |  8.7
Armour         | 4 6 7 |  7.9
Shields        | 4 6 7 |  7.9
Unarmed Combat | 3 5 7 |  7.6

Action                     |  1- 3 |  4- 6 |  7- 9 || total
---------------------------+-------+-------+-------++-------
  Melee: Unarmed           |     4 |     8 |     7 ||    19
         Kick              |     3 |     1 |       ||     4
  Evoke: Wand              |       |       |     2 ||     2
    Use: Potion            |     3 |     1 |     3 ||     7
 Armour: Gold dragon scale |     6 |     5 |     2 ||    13
  Block: Tower shield      |     5 |     5 |     8 ||    18

Table legend: (Time is in decaauts)
 A = Elapsed time spent in this place.
 B = Non-inter-level travel time spent in this place.
 C = Inter-level travel time spent in this place.
 D = Time resting spent in this place.
 E = Time spent auto-exploring this place.
 F = Levels seen in this place.
 G = Mean time per level.
                   A        B        C        D        E       F      G
               +--------+--------+--------+--------+--------+-----+--------+
         Total |    270 |    270 |      0 |    109 |      0 |   1 |  270.0 |
       Dungeon |    270 |    270 |      0 |    109 |      0 |   1 |  270.0 |
               +--------+--------+--------+--------+--------+-----+--------+

Top non-repeatable levels by time:
       D: 270 daAuts
